 Dungeon Crawl Stone Soup version 0.19-a0-1886-gd64a0f0 (webtiles) character file.

4869 dvd the Covert (level 10, -4/61 HPs)
             Began as an Octopode Venom Mage on Oct 16, 2016.
             Was a Follower of Ashenzari.
             Slain by an orc warrior
             ... wielding a +0 battleaxe
              (21 damage)
             ... on level 9 of the Dungeon.
             The game lasted 00:44:04 (9215 turns).

dvd the Covert (Octopode Venom Mage)                Turns: 9215, Time: 00:44:05

Health: -4/61      AC:  3    Str:  7      XL:     10   Next: 50%
Magic:  2/22       EV: 17    Int: 21      God:    Ashenzari [*.....]
Gold:   375        SH:  0    Dex: 11 (13) Spells: 6 memorised, 8 levels left

rFire  + . .     SeeInvis .     a - +1 dagger (venom) (curse)
rCold  . . .     Gourm    .     (no shield)
rNeg   . . .     Faith    .     h - +2 hat (curse)
rPois  .         Spirit   .     r - amulet of magic regeneration
rElec  .         Dismiss  .     E - ring of flight
rCorr  .         Reflect  .     F - ring of wizardry
MR     .....     Harm     .     H - +3 ring of evasion
Stlth  +++++..... Clarity  +    J - ring of protection from fire
                                (no ring)
                                (no ring)
                                (no ring)
                                (no ring)

@: no status effects
A: almost no armour, stealthy swim, amphibious, 8 rings, constrict 8, camouflage
1, clarity, gelatinous body 1
a: Curse Item, Scrying, Renounce Religion, Evoke Flight


You were on level 9 of the Dungeon.
You worshipped Ashenzari.
Ashenzari was aware of your devotion.
You were hungry.

You visited 2 branches of the dungeon, and saw 10 of its levels.

You collected 375 gold pieces.

Inventory:

Hand Weapons
 a - a cursed +1 dagger of venom (weapon)
 w - a +3 whip of venom
 z - a +2 quarterstaff of chaos
 K - the cursed +2 shortbow of the Volcano {flame, Dex+2 Stlth+}
   (You found it on level 9 of the Dungeon)

   It causes projectiles fired from it to burn those they strike, causing extra
   injury to most foes and up to half again as much damage against particularly
   susceptible opponents.
   It affects your dexterity (+2).
   It makes you more stealthy.
   It has a curse placed upon it.
 L - a +1 flail of draining
Missiles
 k - 25 tomahawks (quivered)
 s - 9 javelins
Armour
 h - a cursed +2 hat (worn)
Jewellery
 p - an uncursed amulet of dismissal
 r - an amulet of magic regeneration (around mantle)
 E - a ring of flight (left tentacle)
 F - a ring of wizardry (right tentacle)
 H - a +3 ring of evasion (on tentacle)
 J - a ring of protection from fire (on tentacle)
Wands
 y - a wand of random effects (21/48)
 D - a wand of slowing (16/48)
Scrolls
 c - 8 scrolls of identify
 e - 3 scrolls of amnesia
 o - a scroll of torment {unknown}
 t - 2 scrolls of teleportation
 u - a scroll of enchant armour
 x - 3 scrolls of magic mapping
 I - a scroll of random uselessness {unknown}
Potions
 f - 2 potions of curing
 i - 3 potions of flight
 l - a potion of haste
 n - a potion of berserk rage
 v - 3 potions of brilliance
 G - a potion of resistance
Books
 g - a book of Flames

   Spells                             Type                      Level
   a - Flame Tongue                   Conjuration/Fire             1
   b - Throw Flame                    Conjuration/Fire             2
   c - Conjure Flame                  Conjuration/Fire             3
   d - Inner Flame                    Hexes/Fire                   3
   e - Sticky Flame                   Conjuration/Fire             4
   f - Fireball                       Conjuration/Fire             5
 m - a Young Poisoner's Handbook

   Spells                             Type                      Level
   a - Sting                          Conjuration/Poison           1
   b - Mephitic Cloud                 Conjuration/Poison/Air       3
   c - Olgreb's Toxic Radiance        Poison                       4
   d - Alistair's Intoxication        Transmutation/Poison         5
   e - Venom Bolt                     Conjuration/Poison           5
 q - a book of Maledictions

   Spells                             Type                      Level
   a - Corona                         Hexes                        1
   b - Ensorcelled Hibernation        Hexes/Ice                    2
   c - Confuse                        Hexes                        3
   d - Tukima's Dance                 Hexes                        3
   e - Dazzling Spray                 Conjuration/Hexes            3
 B - a book of Callings

   Spells                             Type                      Level
   a - Summon Small Mammal            Summoning                    1
   b - Call Imp                       Summoning                    2
   c - Call Canine Familiar           Summoning                    3
   d - Summon Guardian Golem          Hexes/Summoning              3
   e - Summon Lightning Spire         Summoning/Air                4
   f - Summon Ice Beast               Ice/Summoning                4
Comestibles
 b - 10 bread rations
 d - a chunk of flesh
 j - 6 meat rations
 A - 2 fruits
 C - 3 slices of pizza
 M - a beef jerky


   Skills:
 + Level 2.4 Fighting
 + Level 3.3 Short Blades
 + Level 4.0 Dodging
 + Level 9.6 Stealth
 + Level 1.0 Unarmed Combat
 + Level 8.0 Spellcasting
 + Level 2.3 Conjurations
 + Level 5.1 Hexes
 + Level 2.0 Ice Magic
 + Level 9.1 Poison Magic


You had 8 spell levels left.
You knew the following spells:

 Your Spells              Type           Power        Failure   Level  Hunger
a - Sting                 Conj/Pois      ####         1%          1    None
b - Ensorcelled Hibernat  Hex/Ice        ###...       1%          2    None
c - Olgreb's Toxic Radia  Pois           #####...     1%          4    ###....
d - Confuse               Hex            ####....     1%          3    None
e - Venom Bolt            Conj/Pois      ####......   10%         5    #####..
f - Throw Flame           Conj/Fire      ##....       4%          2    None


Dungeon Overview and Level Annotations

Branches:
Dungeon (9/15)             Temple (1/1) D:6            Lair (0/6) D:8
    Orc (0/2) D:9

Altars:
Ashenzari
Cheibriados
Dithmenos
Elyvilon
Fedhas
Gozag
Hepliaklqana
Kikubaaqudgha
Makhleb
Nemelex Xobeh
Okawaru
Qazlal
Ru
Sif Muna
Trog
Uskayaw
Vehumet
Xom
Yredelemnul
Zin
The Shining One


Innate Abilities, Weirdness & Mutations

You cannot wear most types of armour.
You are very stealthy in the water. (Stealth+)
You are amphibious.
You can wear up to eight rings at the same time.
You can use your tentacles to constrict eight enemies at once.
Your skin changes colour to match your surroundings (Stealth+).
Your rubbery body absorbs attacks. (AC +1, EV +1)
You possess an exceptional clarity of mind.


Message History

Confirm with . or Enter, or press ? or * to list all spells.
You begin to radiate toxic energy.
The orc priest looks even sicker.
Unknown command.
The orc priest looks as sick as possible!
You kill the orc priest!
The orc warrior looks as sick as possible!
Casting: Olgreb's Toxic Radiance
Confirm with . or Enter, or press ? or * to list all spells.
Aiming: Sting
Press: ? - help, Shift-Dir - straight line, f - orc warrior
Aim: an orc warrior, wielding a battleaxe and wearing a chain mail (severely wounded, poisoned)
The sting hits the orc warrior.
The orc warrior looks as sick as possible!
The orc warrior is severely wounded.
Your toxic aura wanes.
You open the door.
Found an uncursed buckler.
There is an open door here.
The orc warrior hits you with a battleaxe!!
You die...

*,,,,,,,,,,* ****,,,,,,,,,*
*,,,,,,,,,,* *>,,,,,,,,*
*,,,,,,,,,,* ******,****
******+***** *,,,,,* *,.#*
*,***** **..## *,* **..#
####+####***
######.#####........,,*
#.......##.o@.......,,*
**###.......##.#........,,*
,,%.........##.#....[...,,*
****#..........#........,,*
#.<.))..#######+####***
###.##### *,,,,** #.,*
****,,* #,** **,* *,* *,*


You could see an orc warrior.

Vanquished Creatures
  Joseph (D:8)
  A troll (D:9)
  Prince Ribbit (D:7)
  2 hippogriffs (D:7)
  A hungry ghost (D:7)
  2 hell hounds (D:8)
  Purgy (D:3)
  3 sky beasts
  An orc warrior (D:6)
  5 ogres
  2 phantoms
  5 centaurs
  4 bullfrogs
  A water moccasin zombie (D:7)
  A scorpion (D:7)
  2 howler monkeys (D:7)
  A centaur zombie (D:5)
  2 crimson imps
  A bullfrog zombie (D:6)
  A quasit (D:8)
  A hound (D:8)
  Crazy Yiuf (D:7)
  2 jellies
  4 orc priests
  A bullfrog skeleton (D:5)
  2 centaur skeletons
  Ijyb (D:3)
  Terence (D:3)
  5 iguanas
  10 orc wizards
  11 worker ants
  2 hound skeletons
  Robin (D:3)
  13 gnolls
  7 adders
  3 worms
  3 dart slugs
  5 leopard geckos
  36 orcs
  4 giant cockroaches
  13 goblins
  11 hobgoblins
  6 jackals
  3 quokkas
  4 bats
  4 frilled lizards
  4 kobolds
  A leopard gecko skeleton (D:5)
  A quokka skeleton (D:4)
  12 rats
210 creatures vanquished.

Notes
Turn   | Place    | Note
-------+----------+-------------------------------------------
     0 | D:1      | dvd the Octopode Venom Mage began the quest for the Orb.
     0 | D:1      | Reached XP level 1. HP: 11/11 MP: 3/3
   222 | D:1      | Reached skill level 5 in Poison Magic
   317 | D:1      | Reached XP level 2. HP: 10/17 MP: 0/5
   988 | D:2      | Learned a level 2 spell: Ensorcelled Hibernation
   995 | D:2      | Reached XP level 3. HP: 13/21 MP: 4/6
  1350 | D:2      | Reached skill level 1 in Conjurations
  1465 | D:2      | Reached XP level 4. HP: 22/27 MP: 5/7
  1476 | D:2      | Reached skill level 1 in Fighting
  1476 | D:2      | Reached skill level 1 in Unarmed Combat
  1554 | D:2      | Learned a level 4 spell: Olgreb's Toxic Radiance
  1741 | D:2      | Reached XP level 5. HP: 33/33 MP: 0/8
  2123 | D:3      | Noticed Terence
  2134 | D:3      | Killed Terence
  2225 | D:3      | Reached XP level 6. HP: 38/38 MP: 7/10
  2468 | D:3      | Reached skill level 5 in Stealth
  2680 | D:3      | Noticed Robin
  2685 | D:3      | Killed Robin
  2685 | D:3      | Reached skill level 1 in Short Blades
  2743 | D:3      | Noticed Ijyb
  2749 | D:3      | Killed Ijyb
  2824 | D:3      | Noticed Purgy
  3244 | D:4      | Reached skill level 1 in Hexes
  3245 | D:4      | Reached XP level 7. HP: 43/43 MP: 0/12
  3524 | D:4      | Learned a level 3 spell: Confuse
  3681 | D:4      | Reached skill level 1 in Ice Magic
  3870 | D:5      | Entered Level 5 of the Dungeon
  4171 | D:5      | Reached XP level 8. HP: 48/48 MP: 7/14
  4704 | D:5      | Reached skill level 5 in Spellcasting
  4997 | D:5      | Found an iron altar of Okawaru.
  4997 | D:5      | Found a faded altar of an unknown god.
  5009 | D:5      | Found a faded altar of an unknown god.
  5012 | D:5      | Found a faded altar of an unknown god.
  5013 | D:5      | Found a faded altar of an unknown god.
  5548 | D:5      | Learned a level 5 spell: Venom Bolt
  5784 | D:3      | Killed Purgy
  5936 | D:6      | Reached XP level 9. HP: 31/53 MP: 17/17
  6079 | D:6      | Found a staircase to the Ecumenical Temple.
  6090 | Temple   | Entered the Ecumenical Temple
  6221 | Temple   | Became a worshipper of Ashenzari the Shackled
  7445 | D:7      | Noticed Prince Ribbit
  7452 | D:7      | Killed Prince Ribbit
  7777 | D:7      | Reached XP level 10. HP: 60/60 MP: 13/20
  7987 | D:7      | Reached * piety under Ashenzari
  8055 | D:7      | Learned a level 2 spell: Throw Flame
  8180 | D:7      | Gained mutation: You possess an exceptional clarity of mind. [potion of mutation]
  8180 | D:7      | Gained mutation: Your mind is acute. (Int +2) [potion of mutation]
  8180 | D:7      | Lost mutation: Your mind is acute. (Int +2) [potion of mutation]
  8447 | D:7      | Found a runed door.
  8451 | D:7      | Noticed Crazy Yiuf
  8455 | D:7      | Killed Crazy Yiuf
  8515 | D:7      | Found a snail-covered altar of Cheibriados.
  8636 | D:8      | Noticed Joseph
  8662 | D:8      | Killed Joseph
  9027 | D:8      | Found a staircase to the Lair.
  9118 | D:8      | Reached skill level 5 in Hexes
  9156 | D:9      | Identified the cursed +2 shortbow of the Volcano {flame, Dex+2 Stlth+}
  9215 | D:9      | Slain by an orc warrior

Vault maps used:
D:1:      sevenhm_arrival_forest_fort_small_6, serial_park_tiny_1,
          due_unseen_surprise
D:2:      first_bread, minivault_26, minmay_tromino_mix6
D:3:      corexii_shack, uniq_terence, uniq_robin, uniq_iyjb, uniq_purgy
D:5:      chequers_temple_overflow_minitemple, st_stairs_13
D:7:      cheibrodos_worm_habitat, uniq_prince_ribbit1, uniq_crazy_yiuf_cottage
D:8:      minmay_lair_entry_lava, uniq_joseph
D:9:      hiddenorc1_lemuel, enter_bailey_3
Temple:   regret_index_temple_chain_breaker

Skill      XL: |  1  2  3  4  5  6  7  8  9 10 |
---------------+-------------------------------+-----
Poison Magic   | 5 6 7 8 9 |  9.1
Stealth        | 3 4 5 6 7 8 9 |  9.6
Conjurations   | 1 2 |  2.3
Fighting       | 1 2 |  2.4
Unarmed Combat | 1 |  1.0
Spellcasting   | 3 4 5 7 8 |  8.0
Short Blades   | 1 2 3 |  3.3
Hexes          | 1 2 4 5 |  5.1
Ice Magic      | 1 2 |  2.0
Dodging        | 3 4 |  4.0

Action                   |  1- 3 |  4- 6 |  7- 9 | 10-12 || total
-------------------------+-------+-------+-------+-------++-------
Melee: Unarmed           |     8 |       |       |       ||     8
       Constrict         |    10 |    13 |    29 |     6 ||    58
       Dagger            |    15 |    59 |   193 |    38 ||   305
       Tentacles         |     3 |     6 |    33 |     2 ||    44
       Punch             |       |     2 |       |       ||     2
 Cast: Sting             |    38 |    23 |    17 |     9 ||    87
       Ensorcelled Hiber |     1 |     8 |    26 |    11 ||    46
       Olgreb's Toxic Ra |       |    13 |    31 |    10 ||    54
       Confuse           |       |       |    42 |     9 ||    51
       Venom Bolt        |       |       |     2 |     5 ||     7
       Throw Flame       |       |       |       |     1 ||     1
Invok: Curse Item        |       |       |     1 |     1 ||     2
  Use: Scroll            |     2 |     1 |     7 |     2 ||    12
       Potion            |       |       |     1 |     9 ||    10
 Stab: Sleeping          |     4 |    13 |    26 |     7 ||    50
       Confused          |       |       |    14 |     2 ||    16
  Eat: Chunk             |     2 |     9 |    20 |     7 ||    38
       Beef jerky        |       |       |     2 |       ||     2
       Pizza             |       |       |     1 |       ||     1
Armor: Skin              |     4 |     8 |    22 |     4 ||    38
Dodge: Dodged            |    18 |    32 |   104 |    46 ||   200
